 Seeded DCSS version 0.29.1-1-gd02db6906a (webtiles) character file.

Game seed: 8800239265270809476 (custom seed)

1019 GigaChad the Fighter (level 8, 0/70 (79) HPs)
             Began as a Minotaur Fighter on Sept 27, 2022.
             Was an Initiate of Ashenzari.
             Slain by a wight
             ... wielding a +4 long sword
              (9 damage)
             ... on level 6 of the Dungeon.
             The game lasted 00:09:08 (4365 turns).

GigaChad the Fighter (Minotaur Fighter)             Turns: 4365, Time: 00:09:15

HP:   0/70 (79)     AC: 11    Str: 24    XL:     8   Next: 2%
MP:   7/7           EV:  9    Int:  5    God:    Ashenzari [......]
Gold: 221           SH:  4    Dex:  9    Spells: 7/7 levels left

rFire   . . .      SeeInvis .   a - +0 long sword
rCold   . . .      Faith    .   c - +0 buckler
rNeg    . . .      Spirit   .   y - +0 chain mail
rPois   .          Reflect  .   (helmet restricted)
rElec   .          Harm     .   w - +0 cloak
rCorr   .          Rampage  .   (no gloves)
Will    .....                   k - +0 pair of boots of the Unyielding Gaze {Cun, Self} (curse)
Stlth   ..........              (no amulet)
HPRegen 0.21/turn               (no ring)
MPRegen 0.10/turn               (no ring)

@: studying Shields, heavily drained
A: horns 2, retaliatory headbutt
a: Renounce Religion, Shatter the Chains


You were on level 6 of the Dungeon.
You worshipped Ashenzari.
Ashenzari was noncommittal.
You visited 2 branches of the dungeon, and saw 7 of its levels.

You collected 221 gold pieces.

Inventory:

Hand Weapons
 a - a +0 long sword (weapon)
Missiles
 f - a throwing net (quivered)
Armour
 b - a +0 scale mail
 c - a +0 buckler (worn)
 k - the cursed +0 pair of boots of the Unyielding Gaze (worn) {Cun, Self}
   (You found it on level 2 of the Dungeon)

   It has a curse which improves the following skills: Cunning: Dodging and
   Stealth.
   Introspection: Fighting and Spellcasting.
 w - a +0 cloak (worn)
 y - a +0 chain mail (worn)
Wands
 A - a wand of flame (45)
Scrolls
 e - 2 scrolls of teleportation {unknown}
 g - 2 scrolls of noise {unknown}
 h - 2 scrolls of blinking {unknown}
 j - a scroll of enchant weapon {unknown}
 o - a scroll of silence {unknown}
 p - 2 scrolls of magic mapping {unknown}
 s - 5 scrolls of identify {unknown}
 t - 3 scrolls of butterflies {unknown}
 u - a scroll of vulnerability {unknown}
 x - a scroll of immolation {unknown}
Potions
 d - 2 potions of might
 i - a potion of degeneration {unknown}
 l - a potion of heal wounds {unknown}
 m - a potion of invisibility {unknown}
 n - a potion of mutation {unknown}
 q - a potion of berserk rage {unknown}
 r - 5 potions of curing {unknown}
 v - a potion of flight {unknown}
 z - a potion of haste {unknown}


   Skills:
 - Level 9.4(9.9) Fighting
 - Level 2.8 Long Blades
 - Level 4.2 Armour
 + Level 5.4(5.9) Dodging
 - Level 4.4 Shields


You had 7 spell levels left.
You didn't know any spells.
Your spell library contained the following spells:

 Spells                   Type           Power      Damage    Failure   Level
 Sublimation of Blood     Necr           0%         N/A       100%        2
 Petrify                  Tmut/Erth      0%         N/A       100%        4
 Irradiate                Conj/Tmut      0%         3d11      100%        5


Dungeon Overview and Level Annotations

Branches:
Dungeon (6/15)             Temple (1/1) D:4

Altars:
Ashenzari
Qazlal
Trog
Vehumet
Yredelemnul
The Shining One


Innate Abilities, Weirdness & Mutations

You have a pair of horns on your head.
You reflexively headbutt those who attack you in melee.


Message History

The phantom hits you.
You hit the phantom.
You destroy the phantom!
The wight hits you with a +0 dire flail!
Your Dodging skill increases to level 5!
You have reached level 8!
You feel stronger.
You barely miss the wight. You headbutt the wight.
The wight is lightly damaged.
You block the wight's attack.
You closely miss the wight. You headbutt the wight.
The wight is heavily damaged.
The wight hits you with a +0 dire flail.
The wight hits you but does no damage.
The wight hits you with a +0 dire flail!
The wight hits you with a +4 long sword.
You feel drained. The wight hits you but does no damage.
You barely miss the wight. Your headbutt misses the wight.
The wight hits you with a +0 dire flail!
The wight hits you with a +4 long sword.
You feel drained. The wight completely misses you. You furiously retaliate!
You headbutt the wight! You barely miss the wight. The wight barely misses you.
The wight hits you with a +4 long sword.
You feel drained. The wight hits you but does no damage.
You barely miss the wight. You headbutt the wight.
The wight is lightly damaged.
You block the wight's attack. The wight closely misses you.
You block the wight's attack. The wight hits you with a +4 dagger.
You feel drained.
The wight hits you with a +4 long sword.
You feel drained. The wight closely misses you.
You barely miss the wight.
The wight is lightly damaged.
The wight hits you with a +0 dire flail!
* * * LOW HITPOINT WARNING * * *
You feel drained.
* * * LOW HITPOINT WARNING * * *
The wight hits you with a +4 long sword!
You die...

..###...#.............#
. ##...............#
................#
.#####...........# #
#...........#
#...........#
#...........#
#...>..zz...#
#.....<.@z..#
######'##'### #.##.#
#.##.# #.##.# #.##.#
#.##.# +.##...W.zz.
#....z...


You could see 3 wights.

Vanquished Creatures
  A sky beast (D:6)
  A centaur (D:5)
  2 phantoms
  2 bullfrogs (D:6)
  2 necrophages
  A scorpion (D:5)
  A crimson imp (D:4)
  An orc priest (D:5)
  3 hounds (D:5)
  A jelly (D:5)
  3 iguanas
  An adder (D:3)
  An ufetubus (D:5)
  3 worms
  7 dart slugs
  9 orcs
  5 ball pythons
  7 endoplasms
  3 giant cockroaches
  7 hobgoblins
  3 jackals
  3 kobolds
  6 quokkas
  3 bats
  7 frilled lizards
  5 goblins
  A goblin skeleton (D:4)
  5 hobgoblin zombies (D:4)
  A kobold skeleton (D:4)
  2 kobold zombies (D:4)
  An orc skeleton (D:4)
  An orc zombie (D:4)
  3 rats
102 creatures vanquished.

Notes
Turn   | Place    | Note
-------+----------+-------------------------------------------
     0 | D:1      | GigaChad the Minotaur Fighter began the quest for the Orb.
     0 | D:1      | Reached XP level 1. HP: 19/19 MP: 0/0
    48 | D:1      | Identified a scroll of acquirement
    48 | D:1      | Acquired a manual of Shields
   261 | D:1      | Reached XP level 2. HP: 13/27 MP: 1/1
   498 | D:1      | Reached skill level 4 in Fighting
   844 | D:1      | Reached XP level 3. HP: 33/33 MP: 2/2
  1679 | D:3      | Reached skill level 5 in Fighting
  1761 | D:3      | Reached XP level 4. HP: 42/42 MP: 3/3
  1777 | D:3      | Found a faded altar of an unknown god.
  2288 | D:4      | Found a glowing golden altar of the Shining One.
  2304 | D:4      | Reached skill level 6 in Fighting
  2304 | D:4      | Reached XP level 5. HP: 49/50 MP: 4/4
  2355 | D:4      | Found a staircase to the Ecumenical Temple.
  2365 | Temple   | Entered the Ecumenical Temple
  2419 | Temple   | Became a worshipper of Ashenzari the Shackled
  2873 | D:5      | Entered Level 5 of the Dungeon
  2873 | D:5      | Noticed a phantom
  2886 | D:5      | Killed a phantom
  2887 | D:5      | Reached skill level 7 in Fighting
  3000 | D:5      | Reached XP level 6. HP: 61/61 MP: 5/5
  3026 | D:5      | Found a bloodstained altar of Trog.
  3049 | D:5      | Reached skill level 8 in Fighting
  3478 | D:5      | Reached skill level 9 in Fighting
  3478 | D:5      | Reached XP level 7. HP: 34/70 MP: 6/6
  3927 | D:5      | Reached skill level 1 in Dodging
  4123 | D:6      | Found a stormy altar of Qazlal.
  4359 | D:6      | Reached skill level 5 in Dodging
  4359 | D:6      | Reached XP level 8. HP: 61/79 MP: 7/7
  4365 | D:6      | Slain by a wight

Illustrated notes

Levels and vault maps discovered:
D:1:      minmay_arrival_widening_spiral_wide, layout_rooms,
          serial_bayou_pond_b, minmay_crystal_room, st_stairs_3
D:2:      layout_basic, hex_tiny, minmay_tetromino_o2
D:3:      layout_rooms, hellmonk_ecumenical_altar_inner_sanctum, st_stairs_8,
          grunt_ministairs_6
D:4:      layout_cave_pods, nicolae_tso_besieged_by_evil,
          minmay_temple_entry_arrows
D:5:      layout_rooms, kennysheep_little_box
D:6:      layout_basic, general_overflow_altar, chequers_ossuary_entry_cave,
          minmay_a_box_with_orc_wizards_in_it, uniq_pikel, uniq_prince_ribbit1
Temple:   bh_familiar_temple

Skill      XL: |  1  2  3  4  5  6  7 |
---------------+----------------------+-----
Shields        | 4 |  4.4
Fighting       | 4 5 6 7 9 |  9.4
Armour         | 4 |  4.2
Dodging        | 5 |  5.4
Long Blades    | |  2.8

Action                   |  1- 3 |  4- 6 |  7- 9 || total
-------------------------+-------+-------+-------++-------
Melee: Long sword        |    97 |   124 |    59 ||   280
       Headbutt          |    10 |    15 |    17 ||    42
Invok: Curse Item        |       |     1 |       ||     1
  Use: Scroll            |     1 |       |       ||     1
Armor: Scale mail        |    58 |    74 |    14 ||   146
       Chain mail        |       |       |    25 ||    25
Dodge: Dodged            |    65 |    80 |    30 ||   175
Block: Buckler           |    19 |    44 |    13 ||    76
